 Dungeon Crawl Stone Soup version 0.27.1 (webtiles) character file.

Game seed: 18232942474967876879

2453 calewdscratch the Gusty (level 9, 0/68 HPs)
             Began as a Red Draconian Air Elementalist on Aug 24, 2021.
             Was an Initiate of Dithmenos.
             Succumbed to a killer bee's poison
             ... on level 7 of the Dungeon on Aug 25, 2021.
             The game lasted 02:28:44 (12620 turns).

calewdscratch the Gusty (DrAE)                     Turns: 12620, Time: 02:28:45

Health: 0/68       AC:  9    Str: 15    XL:     9   Next: 25%
Magic:  18/18      EV: 13    Int: 19    God:    Dithmenos [......]
Gold:   417        SH:  0    Dex: 11    Spells: 10/20 levels left

rFire    + . .     SeeInvis .   x - +6 short sword of Distant Worlds {drain, Str+4}
rCold    + . .     Faith    .   (no shield)
rNeg     + . .     Spirit   .   (armour unavailable)
rPois    .         Reflect  .   (helmet restricted)
rElec    .         Harm     .   (no cloak)
rCorr    .         Rampage  .   u - +0 pair of gloves
Will     .....                  q - +0 pair of boots
Stlth    ++........             (no amulet)
HPRegen  0.21/turn              b - ring of positive energy
MPRegen  0.16/turn              A - ring of protection from cold

@: lethally poisoned (0 -> -2)
A: breathe fire, AC +7, unfitting armour, fire resistance 1, cold-blooded
a: Breathe Fire, Renounce Religion


You were on level 7 of the Dungeon.
You worshipped Dithmenos.
Dithmenos was noncommittal.
You visited 2 branches of the dungeon, and saw 9 of its levels.

You collected 417 gold pieces.

Inventory:

Hand Weapons
 d - a +0 dagger
 i - a +0 short sword
 x - the +6 short sword of Distant Worlds (weapon) {drain, Str+4}
   (You found it on level 5 of the Dungeon)

   A truly terrible weapon, it drains the life of any living foe it strikes.
   Str:       It affects your strength (+4).
Missiles
 a - 228 stones
 e - 6 javelins
Armour
 n - a scarf of shadows
 q - a +0 pair of boots (worn)
 u - a +0 pair of gloves (worn)
Magical Staves
 m - a staff of cold
Jewellery
 b - a ring of positive energy (left hand)
 A - a ring of protection from cold (right hand)
Wands
 t - a wand of polymorph (10)
 w - a wand of iceblast (7)
Scrolls
 c - 2 scrolls of magic mapping
 h - a scroll of immolation {unknown}
 k - 3 scrolls of fear
 l - 2 scrolls of enchant weapon
 o - 2 scrolls of identify
 r - 2 scrolls of noise
 s - 2 scrolls of amnesia
 y - a scroll of holy word {unknown}
 B - a scroll of blinking {unknown}
Potions
 f - a potion of degeneration
 z - a potion of haste {unknown}


   Skills:
 + Level 2.5 Fighting
 + Level 3.0 Short Blades
 + Level 4.2 Dodging
 + Level 3.5 Stealth
 + Level 6.2 Spellcasting
 + Level 5.7 Conjurations
 + Level 6.5 Air Magic
 + Level 0.2 Evocations


You had 10 spell levels left.
You knew the following spells:

 Your Spells              Type           Power      Damage    Failure   Level
a - Shock                 Conj/Air       100%       1d9       1%          1
b - Static Discharge      Conj/Air       29%        N/A       1%          2
c - Swiftness             Air            30%        N/A       2%          3
d - Airstrike             Air            15%        N/A       8%          4

Your spell library contained the following spells:

 Spells                   Type           Power      Damage    Failure   Level
 Gell's Gravitas          Tloc           2%         N/A       32%         3
 Lesser Beckoning         Tloc           2%         N/A       32%         3
 Teleport Other           Tloc           5%         N/A       32%         3


Dungeon Overview and Level Annotations

Branches:
Dungeon (8/15)             Temple (1/1) D:7            Lair (0/6) D:8

Altars:
Ashenzari
Cheibriados
Dithmenos
Elyvilon
Fedhas
Gozag
Hepliaklqana
Kikubaaqudgha
Nemelex Xobeh
Okawaru
Qazlal
Ru
Sif Muna
Trog
Vehumet
Wu Jian
Xom
Yredelemnul
Zin
The Shining One

Shops:
D:5 =

Annotations:
D:3 Grinder
D:7 2 transporters, Grum; WaxSun's ghost, novice OgFE
D:8 Psyche


Innate Abilities, Weirdness & Mutations

You can breathe blasts of fire.
Your fiery red scales are hard. (AC +7)
You cannot fit into any form of body armour.
Your flesh is heat resistant. (rF+)
You are cold-blooded and may be slowed by cold attacks.


Message History

The killer bee poisons you!
You miss the killer bee.
* * * LOW HITPOINT WARNING * * *
You feel very sick. The killer bee closely misses you.
The killer bee barely misses you.
Casting: Static Discharge (safe; 1% risk of failure)
Confirm with . or Enter, or press ? or * to list all spells.
The killer bee is struck by an arc of lightning.
The killer bee is lightly wounded.
You are struck by an arc of lightning.
* * * LOW HITPOINT WARNING * * *
The killer bee is struck by an arc of lightning.
The killer bee is heavily wounded.
The lightning grounds out.
* * * LOW HITPOINT WARNING * * *
You feel sick. The killer bee barely misses you.
The killer bee completely misses you.
Casting: Static Discharge (safe; 1% risk of failure)
Confirm with . or Enter, or press ? or * to list all spells.
The killer bee is struck by an arc of lightning.
The killer bee is severely wounded.
The lightning grounds out.
* * * LOW HITPOINT WARNING * * *
You feel sick. The killer bee closely misses you.
The killer bee stings you but does no damage.
Casting: Static Discharge (safe; 1% risk of failure)
Confirm with . or Enter, or press ? or * to list all spells.
The killer bee is struck by an arc of lightning.
You kill the killer bee!
Dithmenos accepts your kill.
You are struck by an arc of lightning.
* * * LOW HITPOINT WARNING * * *
x2 You feel sick.
* * * LOW HITPOINT WARNING * * *
You feel sick.
You see here a killer bee corpse.
* * * LOW HITPOINT WARNING * * *
You feel sick.
It was a potion of magic.
Magic courses through your body.
You die...

#..# ###.# #.#
.#.####...## #.#
###.##.##..######.#
.#..##............#
.>).#......#####..#
..........## #..#
....#.....# #..#
....##....######.(#
#.######......>†@.#
#.# #.#######.##
#.# #.# ###.# #.#
#.### #...# ..#
#.#.###.### ..#
##..#.##.#
..#####...##.#.#
...........##..#
..#####....#.#.#


There were no monsters in sight!

Vanquished Creatures
  3 centaur zombies
  Eustachio (D:5)
  An ice beast (D:7)
  A black bear (D:7)
  An orc warrior (D:7)
  2 centaurs
  An ogre (D:6)
  A phantom (D:5)
  A bullfrog (D:8)
  A scorpion (D:5)
  A wyvern skeleton (D:6)
  12 killer bees
  2 bullfrog zombies
  A gnoll shaman (D:4)
  A hound (D:5)
  A jelly (D:5)
  2 bullfrog skeletons (D:5)
  2 centaur skeletons
  Natasha (thrice) (D:3)
  An iguana (D:5)
  An orc wizard (D:5)
  A killer bee zombie (D:7)
  Robin (D:2)
  5 gnolls (D:5)
  A howler monkey skeleton (D:6)
  7 adders
  A shadow imp (D:8)
  A white imp (D:7)
  3 worms
  A dart slug (D:2)
  11 orcs
  10 ball pythons
  2 bats
  8 endoplasms
  3 giant cockroaches
  17 goblins
  5 hobgoblins
  10 jackals
  5 kobolds
  4 quokkas
  2 frilled lizards
  8 rats
146 creatures vanquished.

Vanquished Creatures (others)
  6 fungi (D:8)
  12 plants
18 creatures vanquished.

Grand Total: 164 creatures vanquished

Notes
Turn   | Place    | Note
-------+----------+-------------------------------------------
     0 | D:1      | calewdscratch the Draconian Air Elementalist began the
                  | quest for the Orb.
     0 | D:1      | Reached XP level 1. HP: 14/14 MP: 3/3
   393 | D:1      | Reached XP level 2. HP: 18/20 MP: 0/5
  1171 | D:1      | Found a faded altar of an unknown god.
  1173 | D:1      | Noticed a floating eye
  1173 | D:1      | Noticed an eye of devastation
  1270 | D:1      | Noticed a great orb of eyes
  1391 | D:1      | Reached XP level 3. HP: 20/26 MP: 0/6
  1621 | D:1      | Noticed a shining eye
  1786 | D:1      | Learned a level 2 spell: Static Discharge
  1944 | D:2      | Found a sparkling altar of Nemelex Xobeh.
  2279 | D:2      | Reached XP level 4. HP: 33/33 MP: 5/7
  2624 | D:2      | Noticed Robin
  2672 | D:2      | Killed Robin
  3642 | D:3      | Noticed Natasha
  3805 | D:3      | Killed Natasha
  3806 | D:3      | Reached XP level 5. HP: 22/39 MP: 1/9
  4883 | D:3      | Found a hazy altar of Hepliaklqana.
  5395 | D:3      | Noticed Grinder
  5889 | D:4      | Found a glowing golden altar of the Shining One.
  6387 | D:5      | Entered Level 5 of the Dungeon
  6428 | D:5      | Reached XP level 6. HP: 34/46 MP: 0/11
  6632 | D:5      | Reached skill level 1 in Short Blades
  6963 | D:5      | Noticed Eustachio
  7278 | D:5      | Reached skill level 1 in Fighting
  7449 | D:5      | Identified the +6 short sword of Distant Worlds {drain,
                  | Str+4}
  7578 | D:5      | Your scales start taking on a fiery red colour.
  7578 | D:5      | Reached XP level 7. HP: 42/53 MP: 0/13
  7578 | D:5      | Gained mutation: Your flesh is heat resistant. (rF+) [Red
                  | Draconian growth]
  7795 | D:5      | Reached skill level 5 in Air Magic
  7890 | D:5      | Learned a level 3 spell: Swiftness
  7895 | D:5      | Learned a level 4 spell: Airstrike
  8347 | D:5      | Found Gitumot's Jewellery Shoppe.
  8499 | D:5      | Killed Eustachio
  8500 | D:5      | Reached XP level 8. HP: 28/61 MP: 3/15
  8830 | D:3      | Noticed Natasha
  8832 | D:3      | Killed Natasha
  9422 | D:3      | Noticed Natasha
  9428 | D:3      | Killed Natasha
  9630 | D:6      | Reached skill level 5 in Spellcasting
 10021 | D:6      | Found a sacrificial altar of Ru.
 10035 | D:6      | Found an ornate altar of the Wu Jian Council.
 10808 | D:7      | Found a transporter.
 11295 | D:7      | Identified the ring of Cofumm {rPois rC++ AC+4 Stlth-}
 11313 | D:7      | Found a transporter.
 11329 | D:7      | Identified the +7 spear "Ducorav" {venom, +Blink rF+}
 11331 | D:7      | Noticed Grum
 11367 | D:7      | Noticed WaxSun's ghost (novice OgFE)
 11463 | D:7      | Found a staircase to the Ecumenical Temple.
 11835 | Temple   | Entered the Ecumenical Temple
 12010 | Temple   | Became a worshipper of Dithmenos the Shadowed
 12170 | D:8      | Reached skill level 5 in Conjurations
 12172 | D:8      | Noticed a two-headed ogre
 12373 | D:8      | Reached XP level 9. HP: 24/67 MP: 14/17
 12385 | D:8      | Noticed Psyche
 12395 | D:8      | Found a staircase to the Lair.
 12617 | D:7      | HP: 3/68 [/static electricity (2)]
 12619 | D:7      | HP: 1/68 [poisoned by a killer bee]
 12620 | D:7      | Succumbed to a killer bee's poison

Illustrated notes

Levels and vault maps discovered:
D:1:      minmay_arrival_shattered_statue, layout_loops_corners,
          hellmonk_ecumenical_altar_watching_god, minmay_tripent
D:2:      layout_rooms, basic_altar, uniq_robin
D:3:      layout_basic, mainiacjoe_overflow_surrounded_room,
          nrook_mini_backslash, roderic_roman_lattice,
          small_statue_intersection, minmay_misc_feat_iff, chequers_arboretum,
          minmay_fractal_squares_5, uniq_natasha, uniq_grinder
D:4:      layout_loops_ring, kennysheep_mini_moat, nicolae_ossuary_entry_plus
D:5:      layout_loops_corners, portal_sewer_entry_b, serial_shops, shop,
          st_stairs_14, uniq_eustachio
D:6:      layout_basic, minitemple
D:7:      layout_loops_ring, minmay_temple_entry_waves,
          gammafunk_ghost_gnarly_gnolls
D:8:      wad_woods_minihive, layout_basic, dpeg_oklobed_lair, serial_aquarium,
          aquarium_bridge_square [aquarium_subvault_bridge,
          aquarium_subvault_bridge, aquarium_subvault_bridge,
          aquarium_subvault_wall], aquarium_bridge_long_joined
          [aquarium_subvault_window, aquarium_subvault_bridge,
          aquarium_subvault_wall, aquarium_subvault_wall,
          aquarium_subvault_bridge, aquarium_subvault_wall], aquarium_window_2,
          aquarium_window_2, aquarium_window_fake, aquarium_view_2e,
          aquarium_balcony_5a, minmay_misc_feat_pillars, supply_closet_lemuel,
          minmay_circle_x, uniq_psyche
Temple:   regret_index_temple_sphere_string

Skill      XL: |  1  2  3  4  5  6  7  8  9 |
---------------+----------------------------+-----
Stealth        | 2 3 |  3.5
Conjurations   | 2 3 5 |  5.7
Dodging        | 2 3 4 |  4.2
Spellcasting   | 3 4 5 6 |  6.2
Air Magic      | 4 5 6 |  6.5
Short Blades   | 1 2 3 |  3.0
Fighting       | 1 2 |  2.5
Evocations     | |  0.2

Action                   |  1- 3 |  4- 6 |  7- 9 || total
-------------------------+-------+-------+-------++-------
Melee: Dagger            |    15 |       |       ||    15
       Tailslap          |     4 |    11 |     1 ||    16
       Short sword       |       |    74 |    31 ||   105
 Cast: Shock             |    56 |   123 |    42 ||   221
       Static Discharge  |     6 |    53 |    51 ||   110
       Airstrike         |       |       |     7 ||     7
 Abil: Breathe Fire      |       |       |    11 ||    11
Evoke: Wand              |       |       |     2 ||     2
  Use: Scroll            |       |       |    11 ||    11
       Potion            |       |       |     7 ||     7
Armor: Skin              |     5 |    68 |    65 ||   138
Dodge: Dodged            |    16 |    85 |    95 ||   196
